Map: King's Cove LE

Players

Maru - Winner!

  • Race: Terran Terran
  • Spawn Location: 11:00

Neeb

  • Race: Protoss Protoss
  • Spawn Location: 5:00

Event: IEM Season 13: Katowice (2019)

VOD

Have the link to the VOD?

Description

Time

  • Played on: Feb. 28, 2019, 12:01 p.m.
  • Length: 11:46

All games in this series

Show
View Real Time Build Order
Export as new Build Order

Maru Terran - Winner!

Build Orders: Reaper Expand 

Get SALT Encoding   

  12  0:00  SCV  
  13  0:12  SCV  
  14  0:17  Supply Depot  
  14  0:25  SCV  
  15  0:39  SCV  
  15  0:40  Barracks  
  16  0:45  Refinery  
  16  0:51  SCV  
  17  1:03  SCV  
  18  1:15  SCV  
  19  1:27  Reaper, Orbital Command  
  20  1:44  Command Center  
  20  1:53  SCV  
  21  2:00  Barracks Reactor  
  21  2:02  Supply Depot  
  21  2:05  SCV  
  22  2:09  Refinery  
  22  2:17  SCV  
  23  2:23  Factory  
  23  2:29  SCV  
  24  2:36  Marine x2  
  26  2:41  SCV  
  27  2:53  SCV  
  27  2:54  Marine x2  
  27  2:57  Orbital Command  
  30  3:05  SCV  
  30  3:08  Starport  
  30  3:10  Factory Tech Lab  
  30  3:12  Marine x2  
  33  3:18  SCV  
  34  3:23  SCV  
  35  3:30  Cyclone, Marine x2  
  40  3:36  Mag-Field Accelerator  
  40  3:38  Supply Depot  
  40  3:39  SCV  
  40  3:40  SCV  
  42  3:46  Viking  
  42  3:48  Marine  
  45  3:51  SCV  
  46  3:58  SCV  
  46  4:00  Supply Depot  
  46  4:02  Cyclone  
  49  4:04  Marine  
  49  4:05  Marine  
  49  4:09  Supply Depot  
  51  4:11  SCV x2  
  53  4:21  Medivac, Marine  
  53  4:23  Marine  
  57  4:25  Supply Depot  
  57  4:27  SCV x2  
  59  4:39  SCV x2, Marine  
  59  4:41  Siege Tank, Marine  
  66  4:51  SCV  
  67  4:55  SCV  
  67  4:57  Marine  
  67  4:59  Marine  
  70  5:00  Starport Tech Lab  
  70  5:02  Command Center  
  70  5:04  SCV  
  71  5:10  SCV  
  71  5:11  Supply Depot  
  71  5:14  Siege Tank  
  75  5:15  Marine  
  75  5:16  SCV  
  75  5:17  Marine  
  78  5:24  Barracks  
  78  5:32  Bunker  
  78  5:33  SCV x2, Marine  
  81  5:39  Marine  
  73  5:45  SCV x2  
  71  5:51  Marine  
  72  5:57  SCV x2, Marine  
  72  6:08  Barracks, Marine  
  72  6:09  SCV x2, Bunker  
  72  6:11  Siege Tank  
  77  6:12  Raven  
  77  6:15  Marine  
  79  6:20  Refinery  
  79  6:21  SCV x2  
  79  6:26  Marine  
  78  6:33  SCV x3, Marine  
  82  6:41  Barracks Tech Lab  
  82  6:44  Barracks, Marine  
  82  6:45  Refinery, SCV x2  
  85  6:47  Bunker x2  
  85  6:48  Siege Tank  
  85  6:50  Orbital Command, Marine  
  89  6:57  Barracks Tech Lab, SCV x2  
  89  7:00  Barracks, Marine  
  91  7:01  Stimpack  
  91  7:02  Marine  
  91  7:08  Marine  
  91  7:10  SCV x2  
  91  7:11  Engineering Bay  
  91  7:12  Engineering Bay, Supply Depot  
  94  7:22  Siege Tank  
  96  7:25  Marine x3  
  99  7:35  Marine, Bunker  
  99  7:36  Marine  
  96  7:37  SCV  
  96  7:43  Orbital Command  
  86  7:51  Combat Shield, Terran Infantry Armor Level 1, Terran Infantry Weapons Level 1  
  86  7:53  Barracks Tech Lab  
  86  7:54  Barracks Reactor  
  86  7:55  SCV x2  
  87  8:00  Marauder x2  
  87  8:05  Supply Depot x2  
  91  8:06  Siege Tank  
  91  8:09  SCV x2  
  96  8:15  Marauder, Marine x2  
  101  8:22  Marauder x2, Orbital Command  
  101  8:23  Starport Reactor  
  101  8:25  Supply Depot  
  101  8:26  SCV x2  
  105  8:34  Marine x4  
  105  8:35  Concussive Shells  
  105  8:36  Marauder  
  114  8:41  Siege Tank  
  114  8:42  Supply Depot  
  114  8:43  Marauder x2, Supply Depot  
  118  8:50  SCV x3  
  121  8:57  Supply Depot  
  121  9:00  Medivac x2  
  121  9:01  Marine x3  
  121  9:02  Marine  
  129  9:05  Supply Depot  
  129  9:08  Supply Depot  
  129  9:09  Marauder x2, Refinery x2  
  133  9:11  Marauder  
  135  9:17  Siege Tank  
  137  9:24  Marine x3  
  137  9:25  Marine  
  137  9:30  SCV  
  137  9:31  Marauder x2, SCV  
  144  9:32  Marauder  
  144  9:38  Armory  
  146  9:42  Marine x3  
  146  9:43  Medivac  
  146  9:44  Supply Depot  
  151  9:47  Command Center  
  151  9:51  Barracks  
  151  9:52  Marauder, Barracks  
  153  9:53  Barracks  
  153  9:59  Marauder, Marine x2  
  156  10:02  Marine  
  156  10:07  Marine  
  151  10:08  Siege Tank  
  151  10:09  Medivac  
  151  10:12  Medivac  
  151  10:13  Marauder  
  147  10:17  Marauder, Marine x2  
  147  10:21  Marauder  
  151  10:23  Marine  
  152  10:35  Marauder  
  143  10:36  Marine  
  143  10:37  Marine x2  
  143  10:39  Marauder  
  143  10:42  Marauder  
  137  10:45  Marine  
  137  10:48  SCV  
  137  10:49  SCV x2  
  140  10:55  Medivac x2  
  140  10:56  Marauder  
  146  10:59  Barracks Reactor  
  146  11:00  Marauder  
  146  11:03  SCV x2  
  146  11:04  Marauder, Marine  
  152  11:08  Factory Reactor  
  152  11:10  Marine  
  154  11:17  Marauder, Marine  
  148  11:20  Marauder x2  
  148  11:22  Marauder  
  148  11:23  SCV x2  
  148  11:24  SCV  
Show
View Real Time Build Order
Export as new Build Order

Neeb Protoss 

Build Orders: 1 Gate Expand, Oracle Opening, Blink Stalkers 

Get SALT Encoding   

  12  0:00  Probe  
  13  0:12  Probe  
  14  0:17  Pylon  
  14  0:24  Probe  
  15  0:32  Probe  
  15  0:37  Gateway  
  15  0:40  Probe  
  16  0:46  Assimilator  
  17  0:51  Probe  
  18  1:03  Probe  
  19  1:15  Probe  
  20  1:23  Nexus  
  20  1:33  Cybernetics Core  
  20  1:37  Probe  
  21  1:44  Assimilator  
  21  1:49  Probe  
  21  1:53  Pylon  
  22  2:01  Adept, Probe  
  23  2:13  Probe  
  26  2:23  Adept  
  26  2:25  Probe  
  26  2:26  Stargate  
  27  2:32  Probe  
  30  2:37  Probe  
  30  2:38  Warp Gate  
  30  2:40  Probe  
  32  2:49  Probe  
  32  2:50  Probe  
  33  2:52  Adept  
  36  3:00  Oracle  
  36  3:01  Probe  
  36  3:02  Probe  
  36  3:04  Pylon  
  41  3:13  Probe  
  41  3:14  Probe  
  43  3:25  Probe  
  43  3:26  Probe  
  45  3:38  Probe x2  
  45  3:39  Twilight Council  
  47  3:41  Gateway  
  47  3:43  Gateway  
  47  3:49  Blink  
  47  3:50  Probe x2  
  49  4:01  Assimilator  
  49  4:02  Probe x2  
  51  4:05  Pylon  
  51  4:14  Probe x2  
  53  4:19  Nexus  
  53  4:20  Pylon  
  53  4:26  Probe  
  53  4:29  Stalker  
  53  4:30  Shield Battery  
  56  4:36  Stalker  
  56  4:38  Probe  
  59  4:40  Stalker  
  59  4:41  Probe  
  62  4:47  Shield Battery  
  62  4:50  Probe  
  62  4:51  Pylon  
  63  4:53  Probe  
  63  4:57  Stalker  
  66  5:02  Probe  
  66  5:05  Probe  
  68  5:07  Forge  
  68  5:09  Forge  
  68  5:13  Sentry  
  71  5:14  Sentry, Probe  
  71  5:17  Probe  
  74  5:25  Stalker  
  74  5:26  Probe  
  74  5:28  Pylon  
  74  5:30  Probe  
  74  5:32  Probe  
  76  5:37  Stalker x2  
  76  5:38  Probe  
  76  5:41  Charge  
  77  5:49  Stalker  
  71  5:51  Probe  
  71  5:56  Gateway  
  72  5:57  Gateway  
  72  6:01  Stalker x2  
  74  6:05  Probe x2  
  74  6:07  Shield Battery  
  75  6:15  Stalker  
  75  6:17  Probe  
  76  6:19  Pylon  
  76  6:23  Protoss Ground Armor Level 1  
  73  6:26  Probe  
  73  6:32  Stalker x2  
  74  6:39  Gateway  
  71  6:41  Stalker  
  71  6:42  Gateway  
  71  6:46  Pylon x2  
  71  6:47  Pylon  
  71  6:53  Zealot x2  
  73  7:05  Stalker x3  
  73  7:06  Nexus  
  78  7:20  Gateway x2  
  78  7:22  Stalker x2  
  80  7:25  Pylon  
  77  7:32  Stalker x2  
  77  7:33  Stalker x2  
  85  7:44  Protoss Ground Weapons Level 1  
  85  7:49  Stalker  
  85  7:50  Stalker  
  87  7:52  Probe  
  87  7:54  Nexus  
  88  7:59  Probe  
  88  8:02  Assimilator  
  88  8:04  Probe  
  90  8:05  Assimilator  
  90  8:09  Pylon, Protoss Ground Armor Level 2  
  90  8:11  Probe  
  91  8:16  Probe, Phoenix  
  92  8:20  Probe  
  92  8:23  Probe  
  93  8:28  Probe  
  93  8:32  Probe  
  95  8:34  Zealot x7  
  109  8:45  Zealot x2  
  109  8:46  Probe x2  
  115  8:50  Probe  
  116  8:56  Zealot  
  116  8:57  Zealot x2  
  116  9:00  Pylon  
  116  9:01  Probe x2  
  124  9:02  Robotics Facility  
  124  9:07  Zealot  
  126  9:12  Probe  
  126  9:15  Probe  
  126  9:16  Probe  
  129  9:17  Probe  
  128  9:25  Probe  
  128  9:28  Zealot x2  
  128  9:29  Zealot x5  
  128  9:31  Zealot  
  145  9:42  Nexus  
  145  9:44  Pylon  
  145  9:53  Zealot x4  
  145  9:55  Zealot x2  
  147  10:10  Zealot x3  
  137  10:19  Zealot x5  
  135  10:26  Zealot  
  129  10:32  Zealot x3  
  115  10:40  Zealot x5  
  101  10:47  Probe x3  
  101  10:48  Probe  
  103  10:50  Zealot  
  103  10:51  Templar Archives  
  103  10:52  Robotics Bay  
  103  10:53  Probe  
  103  10:54  Zealot x3, Robotics Facility  
  112  10:57  Sentry x2  
  112  10:58  Sentry  
  112  11:01  Probe  
  112  11:04  Zealot x3  
  117  11:19  Stalker  
  117  11:20  Stalker x5  
  129  11:30  Zealot x3  

Tags
 
Add a new tag
Caveats
  • Supply blocks, unpowered buildings, or Contaminate may cause inaccurate times.
  • Supply counts are checked every 10 seconds.